 Dungeon Crawl Stone Soup version 0.14-a0-1169-g4815781 (webtiles) character file.

99 PolkaDot the Vexing (level 3, 0/24 HPs)
             Began as a Vampire Enchanter on Nov 29, 2013.
             Killed from afar by Sigmund (6 damage)
             ... with a wand of flame
             ... on Level 2 of the Dungeon.
             The game lasted 00:05:36 (980 turns).

PolkaDot the Vexing (Vampire Enchanter)              Turns: 980, Time: 00:05:37

HP   0/24        AC  9     Str  7      XL: 3   Next: 23%
MP   2/6         EV 12     Int 17      God:
Gold 62          SH  0     Dex 15      Spells:  2 memorised,  0 levels left

rFire  . . .     SeeInvis +     h - +2,+1 dagger (speed)
rCold  . . .     Clarity  .     b - +1 robe
rNeg   . . .     Conserve .     (no shield)
rPois  .         rCorr    .     (no helmet)
rElec  .         rRot     .     e - +0 cloak
SustAb . .       Spirit   .     (no gloves)
rMut   .         Warding  .     (no boots)
Saprov . . .     Stasis   .     (no amulet)
                                i - +5 ring of protection
                                j - ring of wizardry

@: regenerating quickly, slightly resistant to hostile enchantments, stealthy
A: fangs 3, see invisible, unbreathing
a: no special abilities


You were on level 2 of the Dungeon.
You were very full.

You visited 1 branch of the dungeon, and saw 2 of its levels.

You collected 62 gold pieces.

Inventory:

Hand weapons
 h - a +2,+1 dagger of speed (weapon)
Missiles
 d - 12 darts (quivered)
Armour
 b - a +1 robe (worn)
 e - a +0 cloak (worn)
Scrolls
 g - a scroll of teleportation {unknown}
 l - a scroll of immolation {unknown}
Jewellery
 a - an uncursed ring of positive energy {unknown}
 i - a +5 ring of protection (right hand)
 j - a ring of wizardry (left hand)
Books
 c - a book of Maledictions

   Spells                             Type                      Level
   *Corona                            Hexes                        1
   Sure Blade                         Hexes/Charms                 2
   Ensorcelled Hibernation            Hexes/Ice                    2
   *Confuse                           Hexes                        3
   Enslavement                        Hexes                        4
   Invisibility                       Hexes                        6


   Skills:
 + Level 3.2 Short Blades
 - Level 0.7 Throwing
 - Level 2.1 Dodging
 + Level 3.2 Stealth
 - Level 1.0 Spellcasting
 * Level 4.5 Hexes


You couldn't memorise any spells.
You knew the following spells:

 Your Spells              Type           Power        Failure   Level  Hunger
a - Corona                Hex            ###....      1%          1    ##.....
c - Confuse               Hex            ###.....     4%          3    ####...


Dungeon Overview and Level Annotations

Branches:
Dungeon (2/16)

Altars:

Annotations:
D:2 Sigmund


Innate Abilities, Weirdness & Mutations

Your natural rate of healing is unusually fast.
You have razor-sharp teeth.*
You have supernaturally acute eyesight.
You can survive without breathing.*


Message History

Aim: Sigmund, wielding a scythe, wearing a robe and carrying a wand of flame {zapped: 1}
Okay, then.
You aren't carrying any potions.
Sigmund gestures at you while chanting. The magic dart hits you!
You aren't carrying any potions.
Sigmund zaps a wand.
The puff of flame hits you!
Sigmund mumbles some strange words.
Sigmund flickers and vanishes for a moment.
Sigmund casts a spell at you. The magic dart hits you!
Sigmund flickers, as though insubstantial.
Sigmund gestures at you while chanting. The magic dart hits you!
Sigmund casts a spell at you. The puff of flame hits you!
* * * LOW HITPOINT WARNING * * *
Sigmund zaps a wand.
The puff of flame hits you!
Your scroll labeled JUCWIC ASCHOWNE catches fire!
You die...

##. ... . ..# $... #.# ...
.### #.# ..# ... #.# ..
#.## #.# .## #
#..####.############..#
#.###.......@.......@..#
##.#..........###########.#
.......>.###### #.#
##.#####.##### #.#.
#...........# #.....#
#######.###.# ..#.. #.# #.#
###..... ##.###.# #......
#......# #.#r...


You could see Sigmund (invisible).

Vanquished Creatures
  An adder (D:2)
  4 giant geckos (D:1)
  2 bats (D:1)
  2 giant cockroaches (D:1)
  2 hobgoblins
  3 kobolds (D:1)
  2 ball pythons (D:1)
  2 giant newts (D:1)
  4 goblins
  6 rats
28 creatures vanquished.

Notes
Turn   | Place    | Note
--------------------------------------------------------------
     0 | D:1      | PolkaDot, the Vampire Enchanter, began the quest for the Orb.
     0 | D:1      | Reached XP level 1. HP: 13/13 MP: 4/4
   135 | D:1      | Reached XP level 2. HP: 19/19 MP: 5/5
   730 | D:2      | Reached XP level 3. HP: 3/24 MP: 4/6
   874 | D:2      | Learned a level 3 spell: Confuse
   889 | D:2      | Noticed Sigmund
   980 | D:2      | Killed from afar by Sigmund

Action                   || total
-------------------------++-------
Melee: Dagger            ||    94
 Cast: Corona            ||     2
       Confuse           ||     2
  Use: Potion            ||     2
 Stab: Sleeping          ||     6
       Confused          ||     1
